Map: Crête de Lerilak

Players

Metroidx

  • Race: Protoss Protoss
  • League: Bronze
  • Spawn Location: 7:00

zidar - Winner!

  • Race: Zerg Zerg
  • League: Silver
  • Spawn Location: 11:00

VOD

Have the link to the VOD?

Description

Time

  • Played on: Nov. 27, 2015, 9:57 a.m.
  • Length: 13:22
Show
View Real Time Build Order
Export as new Build Order

Metroidx Protoss 

Build Orders:  

Get SALT Encoding   

  12  0:03  Probe (Chrono Boost)  
  13  0:14  Probe (Chrono Boost)  
  14  0:24  Probe (Chrono Boost)  
  15  0:30  Pylon  
  15  0:47  Pylon  
  15  0:48  Probe (Chrono Boost)  
  16  0:56  Gateway  
  16  0:58  Probe (Chrono Boost)  
  16  1:02  Assimilator  
  17  1:09  Probe (Chrono Boost)  
  18  1:19  Probe (Chrono Boost)  
  19  1:28  Forge  
  19  1:34  Probe (Chrono Boost)  
  19  1:36  Assimilator  
  20  1:45  Probe (Chrono Boost)  
  21  1:51  Zealot  
  23  2:07  Photon Cannon  
  23  2:15  Nexus  
  23  2:26  Zealot  
  25  2:36  Probe (Chrono Boost)  
  26  2:40  Protoss Ground Weapons Level 1  
  26  2:47  Probe (Chrono Boost)  
  27  2:58  Probe (Chrono Boost)  
  28  3:12  Pylon  
  28  3:15  Pylon  
  28  3:21  Probe (Chrono Boost)  
  27  3:34  Gateway  
  27  3:35  Gateway  
  27  3:43  Zealot  
  27  3:48  Photon Cannon  
  29  3:49  Cybernetics Core  
  29  4:02  Assimilator  
  29  4:08  Gateway  
  29  4:15  Probe (Chrono Boost)  
  30  4:23  Zealot x2  
  34  4:25  Probe (Chrono Boost)  
  35  4:33  Warp Gate (Chrono Boost)  
  35  4:36  Mothership Core (Chrono Boost), Probe (Chrono Boost)  
  38  4:45  Protoss Ground Armor Level 1  
  38  4:46  Probe (Chrono Boost)  
  38  4:49  Stargate  
  39  4:55  Probe  
  40  5:03  Stalker x2  
  40  5:06  Probe  
  44  5:13  Assimilator  
  45  5:15  Probe  
  45  5:16  Probe  
  47  5:27  Probe x2  
  47  5:28  Stalker  
  51  5:39  Oracle  
  54  5:46  Probe  
  54  5:47  Fleet Beacon  
  54  5:48  Probe  
  56  5:57  Probe  
  56  6:00  Probe  
  58  6:15  Robotics Facility, Oracle  
  58  6:16  Pylon  
  61  6:31  Pylon  
  61  6:35  Pylon  
  61  6:36  Probe  
  61  6:37  Probe  
  63  6:49  Probe  
  63  6:50  Oracle  
  63  6:54  Zealot x2  
  71  7:05  Observer  
  72  7:19  Sentry x2  
  72  7:21  Nexus  
  76  7:26  Oracle  
  76  7:28  Gateway  
  79  7:31  Gateway  
  79  7:33  Gateway  
  79  7:37  Pylon  
  79  7:40  Assimilator  
  79  7:45  Sentry x2  
  83  7:54  Probe  
  84  8:04  Gateway  
  84  8:05  Probe  
  84  8:07  Gateway  
  84  8:11  Stalker x2  
  89  8:19  Tempest  
  90  9:02  Tempest  
  94  9:11  Zealot x2  
  98  9:19  Gateway  
  98  9:20  Gateway  
  98  9:22  Probe  
  98  9:23  Pylon  
  99  9:25  Pylon  
  99  9:32  Probe  
  100  9:43  Probe  
  101  9:49  Sentry x5  
  101  9:50  Sentry x2  
  115  9:53  Probe  
  115  9:58  Probe, Stalker  
  118  10:00  Probe  
  118  10:04  Probe  
  121  10:09  Probe  
  121  10:12  Probe  
  105  10:19  Stalker x5  
  105  10:20  Stalker x3  
  116  10:24  Probe  
  116  10:27  Tempest  
  80  10:44  Stalker x3  
  80  10:45  Stalker x2  
  80  10:46  Stalker  
  63  11:08  Sentry  
  63  11:10  Tempest  
  57  11:29  Zealot x2  
  57  11:30  Zealot x4  
  46  11:52  Assimilator  
  31  12:24  Fleet Beacon  
  31  12:26  Probe  
  31  12:27  Stargate  
  32  12:37  Probe  
  33  12:48  Probe  
  34  12:58  Probe  
Show
View Real Time Build Order
Export as new Build Order

zidar Zerg - Winner!

Build Orders: Hatch First 

Get SALT Encoding   

  12  0:01  Drone  
  13  0:16  Overlord  
  13  0:18  Drone  
  14  0:34  Drone x2  
  16  0:38  Drone  
  17  0:59  Hatchery  
  17  1:00  Drone  
  17  1:22  Spawning Pool  
  17  1:24  Extractor  
  15  1:25  Extractor, Drone  
  15  1:26  Drone  
  15  1:28  Drone  
  17  1:47  Drone  
  18  1:53  Drone  
  18  2:05  Overlord  
  18  2:09  Queen  
  18  2:13  Queen  
  22  2:19  Drone  
  23  2:24  Metabolic Boost  
  23  2:27  Drone  
  24  2:37  Drone  
  24  2:39  Drone x3  
  28  3:06  Zergling x10  
  33  3:15  Roach Warren  
  33  3:16  Drone  
  32  3:54  Drone  
  32  3:55  Drone x2  
  35  3:57  Overlord x2  
  35  3:59  Overlord  
  35  4:22  Drone x3  
  35  4:23  Drone x6  
  44  4:26  Hatchery  
  43  4:35  Evolution Chamber  
  43  4:38  Lair, Evolution Chamber  
  41  4:47  Extractor  
  41  4:51  Extractor  
  39  5:00  Drone  
  39  5:01  Drone x6  
  46  5:24  Queen  
  48  5:36  Zerg Missile Weapons Level 1, Zerg Ground Armor Level 1  
  48  5:42  Hydralisk Den  
  47  5:45  Infestation Pit  
  47  5:49  Drone x4  
  50  6:13  Muscular Augments  
  50  6:14  Glial Reconstitution  
  49  6:29  Roach x5  
  49  6:30  Roach x3  
  65  6:33  Overlord x2  
  65  6:34  Overlord  
  65  6:35  Overlord  
  65  6:52  Drone x7  
  72  6:58  Roach  
  72  6:59  Roach x6  
  86  7:15  Overlord x2  
  86  7:22  Hatchery  
  85  7:25  Spine Crawler  
  85  7:28  Spore Crawler  
  83  7:37  Zerg Ground Armor Level 2  
  83  7:38  Zerg Missile Weapons Level 2  
  83  7:42  Lurker Den  
  83  7:46  Hydralisk  
  83  7:47  Hydralisk  
  83  7:48  Roach  
  89  7:57  Drone  
  89  7:58  Drone x4  
  82  8:44  Hydralisk x7  
  82  8:45  Hydralisk x7  
  99  9:27  Drone  
  99  9:28  Drone x9  
  78  11:08  Roach  
  78  11:09  Roach x11  
  88  11:38  Hydralisk x4  
  88  11:39  Hydralisk x2  
  86  12:22  Hydralisk x4  
  76  12:23  Hydralisk x5  
  86  12:42  Hydralisk x2  
  86  12:43  Hydralisk  
  92  12:45  Queen  
Tags
 
Add a new tag
Caveats
  • Supply blocks, unpowered buildings, or Contaminate may cause inaccurate times.
  • Supply counts are checked every 10 seconds.